 Dungeon Crawl Stone Soup version 0.17-a0-870-gcb215c1 (webtiles) character file.

4335 oplop the Arsonist (level 10, -6/68 HPs)
             Began as an Octopode Fire Elementalist on Apr 29, 2015.
             Was a Believer of Sif Muna.
             Mangled by a wraith (9 damage)
             ... on level 10 of the Dungeon.
             The game lasted 00:26:21 (9549 turns).

oplop the Arsonist (Octopode Fire Elementalist)     Turns: 9549, Time: 00:26:21

Health: -6/68      AC:  1    Str:  6    XL:     10   Next: 33%
Magic:  14/21      EV: 13    Int: 21    God:    Sif Muna [**....]
Gold:   187        SH:  0    Dex: 12    Spells: 6 memorised, 6 levels left

rFire  + . .     SeeInvis .     u - +0 dagger (elec)
rCold  x . .     Clarity  .     (no shield)
rNeg   . . .     SustAb   .     (helmet restricted)
rPois  .         Gourm    .     (no amulet)
rElec  .         Spirit   .     l - ring of fire
rCorr  .         Warding  .     F - ring of flight
rMut   .         Stasis   .     (no ring)
MR     .....                    (no ring)
Stlth  +++.......               (no ring)
                                (no ring)
                                (no ring)
                                (no ring)

@: slowed, very slow, not resistant to hostile enchantments, fairly stealthy
A: almost no armour, amphibious, 8 rings, constrict 8, camouflage 1, blurry
vision 1, weak 1, gelatinous body 1
a: Channel Energy, Forget Spell, Renounce Religion, Evoke Flight


You were on level 10 of the Dungeon.
You worshipped Sif Muna.
Sif Muna was pleased with you.
You were very hungry.

You visited 2 branches of the dungeon, and saw 11 of its levels.

You collected 427 gold pieces.
You spent 240 gold pieces at shops.

Inventory:

Hand weapons
 a - a +2 dagger of venom
 b - a +0 blowgun
 s - a +0 mace
 u - a +0 dagger of electrocution (weapon)
 v - a +0 spear
 y - a +1 whip of draining
 A - a +1 whip of flaming
Missiles
 j - 195 stones (quivered)
 q - 106 poisoned needles
Armour
 k - a +0 buckler
Magical staves
 D - an uncursed staff of poison
Jewellery
 i - an uncursed ring of ice
 l - a ring of fire (left tentacle)
 F - a ring of flight (right tentacle)
Magical devices
 t - a wand of digging (15)
 L - a wand of magic darts (33)
Scrolls
 e - 2 scrolls of fog
 h - 5 scrolls of teleportation
 z - 2 scrolls of amnesia
 B - a scroll of summoning {unknown}
 C - 3 scrolls of remove curse
 G - a scroll of immolation
 I - a scroll of enchant armour
 J - a scroll of recharging
Potions
 o - 2 potions of ambrosia
 p - 3 potions of heal wounds
 w - 3 potions of cancellation
 x - a potion of berserk rage
 E - a potion of flight
 H - a potion of curing
Books
 d - a book of Flames

   Spells                             Type                      Level
   a - Flame Tongue                   Conjuration/Fire             1
   b - Throw Flame                    Conjuration/Fire             2
   c - Conjure Flame                  Conjuration/Fire             3
   d - Inner Flame                    Hexes/Fire                   3
   e - Sticky Flame                   Conjuration/Fire             4
   f - Fireball                       Conjuration/Fire             5
Comestibles
 c - a meat ration
 f - a slice of pizza
 g - 5 chunks of flesh
 n - 3 fruits
 r - 5 bread rations


   Skills:
 - Level 5.9 Fighting
 + Level 2.8 Dodging
 - Level 2.6 Stealth
 + Level 7.7 Spellcasting
 + Level 7.4 Conjurations
 + Level 8.1 Fire Magic


You had 6 spell levels left.
You knew the following spells:

 Your Spells              Type           Power        Failure   Level  Hunger
a - Flame Tongue          Conj/Fire      #####        1%          1    None
b - Conjure Flame         Conj/Fire      ######..     1%          3    None
c - Throw Flame           Conj/Fire      ######       1%          2    None
d - Inner Flame           Hex/Fire       #####...     4%          3    None
e - Sticky Flame          Conj/Fire      ######..     3%          4    ###....
f - Fireball              Conj/Fire      ######....   12%         5    #####..


Dungeon Overview and Level Annotations

Branches:
Dungeon (10/15)            Temple (1/1) D:5
   Lair: D:8-11         Orc: D:9-12

Altars:
Ashenzari
Cheibriados
Dithmenos
Elyvilon
Fedhas
Gozag
Kikubaaqudgha
Makhleb
Nemelex Xobeh
Okawaru
Qazlal
Ru
Sif Muna
Trog
Vehumet
Xom
Yredelemnul
Zin
The Shining One

Shops:
D:7 *[*   D:8 [!   D:9 %

Annotations:
D:5 oplop's ghost, experienced SpEn
D:7 4 runed doors


Innate Abilities, Weirdness & Mutations

You cannot wear most types of armour.
You are amphibious.
You can wear up to eight rings at the same time.
You can use your tentacles to constrict eight enemies at once.
Your skin changes colour to match your surroundings (Stealth).
Your rubbery body absorbs attacks (AC +1).
Scrolls take you a little longer to read.
You are weak. (Str -2)


Message History

The wraith hits you.
* * * LOW HITPOINT WARNING * * *
The wraith drains your vigour!
You feel as though you will be slow longer.
* * * LOW HITPOINT WARNING * * *
Casting: Sticky Flame
Confirm with . or Enter, or press ? or * to list all spells.
Aiming: Sticky Flame
Press: ? - help, Shift-Dir - straight line, f/p - wraith
Aim: a wraith (almost destroyed)
You feel a surge of power!
The sticky flame hits the wraith.
The wraith appears unharmed.
The wraith is almost destroyed.
The wraith hits you!
* * * LOW HITPOINT WARNING * * *
The wraith drains your vigour!
You feel as though you will be slow longer.
* * * LOW HITPOINT WARNING * * *
The wraith hits you!
You die...

#..........#
♣#####..........####
♣...................
♣...................
♣..............!....
♣...................
♣...................
♣........#######....
♣..@.....# #....
♣.W.###### #####
♣....# #.....#
#.....# #.....#
#.....# .....# ...


You could see a wraith.

Vanquished Creatures
  A troll (D:9)
  Grinder (D:6)
  2 hippogriffs
  The ghost of Borgoz the Skirmisher, an average GrFi (D:4)
  2 sky beasts
  A water moccasin (D:8)
  3 orc warriors
  4 ice beasts
  A centaur (D:9)
  4 ogres
  A big kobold (D:10)
  2 giant frogs
  4 killer bees (D:8)
  3 scorpions
  3 wights (D:7)
  2 crimson imps
  2 centaur zombies
  5 hounds
  6 orc priests
  2 giant frog skeletons
  A quasit (D:6)
  2 centaur skeletons (D:9)
  14 orc wizards
  A gnoll shaman (D:7)
  4 iguanas
  5 worker ants
  8 adders
  3 gnolls
  2 shadow imps
  An ooze (D:4)
  An adder skeleton (D:6)
  A worm (D:3)
  4 giant geckos
  35 orcs
  4 bat skeletons
  8 giant cockroaches
  14 goblins
  8 hobgoblins
  4 jackals
  20 kobolds
  9 bats
  9 giant newts
  A jackal zombie (D:7)
  15 rats
224 creatures vanquished.

Notes
Turn   | Place    | Note
--------------------------------------------------------------
     0 | D:1      | oplop, the Octopode Fire Elementalist, began the quest for the Orb.
     0 | D:1      | Reached XP level 1. HP: 11/11 MP: 3/3
   270 | D:1      | Reached XP level 2. HP: 17/17 MP: 5/5
  1083 | D:2      | Reached XP level 3. HP: 14/21 MP: 6/6
  1291 | D:2      | Learned a level 3 spell: Conjure Flame
  1294 | D:2      | Learned a level 2 spell: Throw Flame
  1623 | D:2      | Reached XP level 4. HP: 24/27 MP: 2/7
  2512 | D:4      | Reached XP level 5. HP: 25/31 MP: 7/9
  2633 | D:4      | Noticed Borgoz's ghost (average GrFi)
  2646 | D:4      | Reached skill level 4 in Fire Magic
  2762 | D:4      | Killed Borgoz's ghost
  2762 | D:4      | Reached XP level 6. HP: 22/36 MP: 1/11
  2850 | D:4      | Learned a level 3 spell: Inner Flame
  2878 | D:5      | Entered Level 5 of the Dungeon
  2880 | D:5      | Noticed oplop's ghost (experienced SpEn)
  3448 | D:4      | Reached XP level 7. HP: 30/41 MP: 9/13
  3609 | D:4      | Found a bloodstained altar of Trog.
  3609 | D:4      | Noticed an eye of draining
  3683 | D:5      | Learned a level 4 spell: Sticky Flame
  3763 | D:5      | Found a staircase to the Ecumenical Temple.
  3857 | Temple   | Entered the Ecumenical Temple
  4146 | D:5      | Noticed an air elemental
  4155 | D:5      | Found a stormy altar of Qazlal.
  4156 | D:5      | Noticed a fire elemental
  4156 | D:5      | Noticed a water elemental
  4387 | D:5      | Reached skill level 5 in Spellcasting
  4390 | D:5      | Reached skill level 5 in Fire Magic
  4503 | D:6      | Noticed Grinder
  4964 | D:6      | Reached skill level 1 in Fighting
  4964 | D:6      | Reached XP level 8. HP: 33/48 MP: 8/16
  5280 | D:6      | Killed Grinder
  5280 | D:6      | Reached skill level 5 in Conjurations
  5450 | D:7      | Found a huge runed gate.
  5451 | D:7      | Found a huge runed gate.
  5451 | D:7      | Noticed a polar bear
  5453 | D:7      | Found a huge runed gate.
  5453 | D:7      | Noticed a polar bear
  5453 | D:7      | Noticed a griffon
  5454 | D:7      | Found a huge runed gate.
  5454 | D:7      | Noticed a polar bear
  5454 | D:7      | Noticed a polar bear
  5454 | D:7      | Noticed a polar bear
  5455 | D:7      | Noticed a polar bear
  5455 | D:7      | Noticed a polar bear
  5503 | D:7      | Found Zozason's General Store.
  5512 | D:7      | Bought a potion of curing for 42 gold pieces
  5512 | D:7      | Bought a scroll of teleportation for 42 gold pieces
  5547 | D:7      | Reached skill level 6 in Fire Magic
  5862 | D:7      | Noticed a griffon
  5863 | D:7      | Noticed a griffon
  6054 | D:7      | Reached XP level 9. HP: 57/57 MP: 3/18
  6156 | D:7      | Found Honius's Assorted Antiques.
  6432 | D:7      | Found Tenuixt's Antique Armour Shop.
  6722 | D:8      | Found a shimmering altar of Xom.
  6771 | D:8      | Gained mutation: You are weak. (Str -2) [mutagenic meat]
  6772 | D:8      | Gained mutation: Scrolls take you a little longer to read. [mutagenic meat]
  6784 | D:8      | Found a deep blue altar of Sif Muna.
  6787 | D:8      | Found a white marble altar of Elyvilon.
  6790 | D:8      | Found a snail-covered altar of Cheibriados.
  6829 | D:8      | Became a worshipper of Sif Muna the Loreminder
  7417 | D:8      | Reached skill level 7 in Fire Magic
  7591 | D:8      | Found Gunyqu's Distillery.
  7601 | D:8      | Bought 2 potions of heal wounds for 120 gold pieces
  7601 | D:8      | Bought a potion of curing for 36 gold pieces
  7604 | D:8      | Found Vaoklat's Armour Shop.
  7845 | D:9      | Learned a level 5 spell: Fireball
  7852 | D:9      | Acquired Sif Muna's first power
  8002 | D:9      | Reached skill level 5 in Fighting
  8279 | D:9      | Reached XP level 10. HP: 34/66 MP: 2/21
  8782 | D:9      | Found a shattered altar of Ashenzari.
  8837 | D:9      | Found Guprebua's Food Shoppe.
  8940 | D:9      | Acquired Sif Muna's second power
  9090 | D:10     | Entered Level 10 of the Dungeon
  9267 | D:10     | Reached skill level 8 in Fire Magic
  9549 | D:10     | HP: 3/68 [wraith (3)]
  9549 | D:10     | Mangled by a wraith

Action                   |  1- 3 |  4- 6 |  7- 9 | 10-12 || total
-------------------------+-------+-------+-------+-------++-------
Melee: Unarmed           |    46 |     5 |       |       ||    51
       Whip              |       |    40 |    22 |       ||    62
       Mace              |       |     4 |     1 |       ||     5
       Spear             |       |     2 |       |       ||     2
       Dagger            |       |       |    86 |    52 ||   138
 Fire: Blowgun           |       |    11 |    11 |     5 ||    27
 Cast: Flame Tongue      |    28 |    51 |    89 |    43 ||   211
       Throw Flame       |       |    12 |    25 |    20 ||    57
       Conjure Flame     |       |     4 |    13 |     1 ||    18
       Sticky Flame      |       |       |    21 |    13 ||    34
       Inner Flame       |       |       |     7 |     1 ||     8
       Fireball          |       |       |     2 |     1 ||     3
  Use: Potion            |       |     1 |     3 |     1 ||     5
       Scroll            |       |       |    15 |     8 ||    23
 Stab: Sleeping          |     5 |     9 |    11 |     2 ||    27
  Eat: Meat ration       |     1 |     1 |     2 |       ||     4
       Chunk             |       |       |     8 |     3 ||    11
       Fruit             |       |       |     4 |       ||     4
